 Dungeon Crawl Stone Soup version 0.20.0-15-g7f486f2 (webtiles) character file.

1266 greprep the Cleaver (level 8, -5/71 HPs)
             Began as a Minotaur Fighter on June 16, 2017.
             Was an Initiate of Qazlal.
             Slain by a hornet (8 damage)
             ... while paralysed by a hornet
             ... on level 6 of the Dungeon.
             The game lasted 00:07:27 (6340 turns).

greprep the Cleaver (Minotaur Fighter)              Turns: 6340, Time: 00:07:29

Health: -5/71      AC:  6    Str: 26    XL:     8   Next: 27%
Magic:  7/7        EV:  2    Int:  2    God:    Qazlal [......]
Gold:   203        SH:  0    Dex: 13    Spells: 7/7 levels left

rFire    . . .     SeeInvis .   a - +0 war axe
rCold    . . .     Gourm    .   c - +0 shield
rNeg     . . .     Faith    .   w - +1 robe of Piun {Str+3 Dex+3}
rPois    .         Spirit   .   (helmet restricted)
rElec    .         Reflect  .   n - +2 cloak
rCorr    .         Harm     .   (no gloves)
MR       .....                  (no boots)
Stlth    +.........             (no amulet)
Regen    0.3/turn               i - ring of flight
MPRegen  0.1/turn               q - -3 ring of intelligence

@: paralysed, lethally poisoned (-5 -> -28), slowed
A: retaliatory headbutt, horns 2
a: Renounce Religion, Evoke Flight


You were on level 6 of the Dungeon.
You worshipped Qazlal.
Qazlal was noncommittal.
You were not hungry.

You visited 2 branches of the dungeon, and saw 7 of its levels.

You collected 268 gold pieces.
You spent 65 gold pieces at shops.

Inventory:

Hand Weapons
 a - a +0 war axe (weapon)
Armour
 b - a +1 scale mail
 c - a +0 shield (worn)
 n - a +2 cloak (worn)
 w - the +1 robe of Piun (worn) {Str+3 Dex+3}
   (You found it on level 4 of the Dungeon)

   It affects your strength (+3).
   It affects your dexterity (+3).
Jewellery
 i - a ring of flight (left hand)
 q - a -3 ring of intelligence (right hand)
Wands
 s - a wand of iceblast (10/15)
Scrolls
 h - 4 scrolls of enchant armour
 j - 2 scrolls of teleportation
 l - a scroll of identify
 r - 2 scrolls of noise {unknown}
 t - 2 scrolls of immolation {unknown}
 v - 2 scrolls of amnesia {unknown}
 C - a scroll of magic mapping {unknown}
Potions
 d - 2 potions of might
 e - a potion of berserk rage {unknown}
 k - a potion of magic {unknown}
 m - 3 potions of curing {unknown}
 o - 2 potions of agility {unknown}
 u - a potion of heal wounds
 z - a potion of cancellation {unknown}
 A - a potion of brilliance {unknown}
Books
 p - a book of Cantrips

   Spells                             Type                      Level
   a - Confusing Touch                Hexes                        1
   b - Animate Skeleton               Necromancy                   1
   c - Summon Small Mammal            Summoning                    1
   d - Apportation                    Translocation                1
 y - a book of Geomancy

   Spells                             Type                      Level
   a - Sandblast                      Earth                        1
   b - Passwall                       Transmutation/Earth          2
   c - Stone Arrow                    Conjuration/Earth            3
   d - Petrify                        Transmutation/Earth          4
   e - Lee's Rapid Deconstruction     Earth                        5
Comestibles
 f - 7 bread rations
 g - 3 royal jellies
 x - 7 fruits


   Skills:
 + Level 6.6 Fighting
 + Level 8.6 Axes
 + Level 6.6 Armour
 + Level 3.0 Dodging
 - Level 3.6 Shields


You had 7 spell levels left.
You didn't know any spells.

Dungeon Overview and Level Annotations

Branches:
Dungeon (6/15)             Temple (1/1) D:4

Altars:
Qazlal
The Shining One

Shops:
D:4 !


Innate Abilities, Weirdness & Mutations

You reflexively headbutt those who attack you in melee.
You have a pair of horns on your head.


Message History

The hornet is moderately wounded.
You feel very sick.
You block the hornet's attack. x2; The hornet barely misses you.
Unknown command.
You miss the hornet. Your headbutt misses the hornet.
The hornet is moderately wounded.
You feel very sick. You block the hornet's attack. The hornet stings you!
* * * LOW HITPOINT WARNING * * *
You feel as though you will be slow longer.
The hornet stings you!
* * * LOW HITPOINT WARNING * * *
You suddenly lose the ability to move!
* * * LOW HITPOINT WARNING * * *
You feel sick. The hornet stings you!
* * * LOW HITPOINT WARNING * * *
You are more poisoned.
You feel as though you will be slow longer.
The hornet stings you!
You die...

#........#####......#####
#........# #......#
#........#####......#
########.....#......#
#.###.#......#
#.#...#.....######
##.#.###.....#.....
#............+.....
#.@...##.....#.....
#y##..##.....#.....
#.....##.....#.....
#.##..##.....#....) #.
...########..... #....##
#..... ###... ###


You could see a hornet.

Vanquished Creatures
  Duvessa (D:5)
  2 ogres (D:4)
  A phantom (D:5)
  2 bullfrogs
  Dowan (D:5)
  A howler monkey (D:4)
  A crimson imp (D:5)
  5 orc wizards (D:5)
  2 orc priests
  An iguana (D:4)
  2 worker ants
  Ijyb (D:3)
  Natasha (thrice) (D:3)
  A hound zombie (D:5)
  A hound skeleton (D:5)
  13 adders
  An ooze (D:2)
  2 adder skeletons (D:4)
  3 worms
  4 dart slugs
  A leopard gecko (D:1)
  17 orcs
  2 giant cockroaches (D:1)
  7 goblins
  7 hobgoblins
  A quokka (D:3)
  8 bats
  8 frilled lizards
  10 kobolds
  7 rats
116 creatures vanquished.

Vanquished Creatures (others)
  An orc wizard (D:4)
1 creature vanquished.

Grand Total: 117 creatures vanquished

Notes
Turn   | Place    | Note
-------+----------+-------------------------------------------
     0 | D:1      | greprep the Minotaur Fighter began the quest for the Orb.
     0 | D:1      | Reached XP level 1. HP: 19/19 MP: 0/0
   137 | D:1      | Reached XP level 2. HP: 27/27 MP: 1/1
   436 | D:1      | Reached skill level 3 in Axes
   926 | D:1      | Reached XP level 3. HP: 32/33 MP: 2/2
  1454 | D:2      | Reached XP level 4. HP: 31/41 MP: 3/3
  1880 | D:2      | Reached skill level 4 in Axes
  2702 | D:3      | Reached XP level 5. HP: 47/47 MP: 4/4
  3051 | D:3      | Noticed Ijyb
  3069 | D:3      | Killed Ijyb
  3069 | D:3      | Reached skill level 5 in Armour
  3182 | D:3      | Noticed Natasha
  3187 | D:3      | Killed Natasha
  3187 | D:3      | Reached skill level 5 in Fighting
  3187 | D:3      | Reached skill level 5 in Axes
  3222 | D:3      | Noticed Natasha
  3232 | D:3      | Killed Natasha
  3495 | D:3      | Noticed Natasha
  3503 | D:3      | Killed Natasha
  3503 | D:3      | Reached XP level 6. HP: 46/56 MP: 5/5
  4043 | D:4      | Reached skill level 6 in Axes
  4458 | D:4      | Found Kuzy's Distillery.
  4465 | D:4      | Bought a potion of heal wounds for 65 gold pieces
  4505 | D:4      | Got a fine robe
  4516 | D:4      | Identified the +1 robe of Piun {Str+3 Dex+3} (You found it on level 4 of the Dungeon)
  4623 | D:4      | Reached skill level 1 in Dodging
  4623 | D:4      | Reached XP level 7. HP: 61/61 MP: 6/6
  4693 | D:4      | Got a crystal hand crossbow
  4694 | D:4      | Identified the cursed +2 hand crossbow of Ash {elec, -Tele +Inv rN+ Str+4} (You found it on level 4 of the Dungeon)
  4912 | D:4      | Found a staircase to the Ecumenical Temple.
  4924 | Temple   | Entered the Ecumenical Temple
  4928 | Temple   | Became a worshipper of Qazlal Stormbringer
  5162 | D:5      | Entered Level 5 of the Dungeon
  5263 | D:5      | Noticed Dowan
  5263 | D:5      | Noticed Duvessa
  5274 | D:5      | Killed Duvessa
  5274 | D:5      | Reached skill level 7 in Axes
  5276 | D:5      | Killed Dowan
  5803 | D:5      | Reached XP level 8. HP: 70/70 MP: 7/7
  5822 | D:5      | Reached skill level 8 in Axes
  6150 | D:6      | Found a glowing golden altar of the Shining One.
  6329 | D:6      | Noticed a hornet
  6334 | D:6      | Paralysed by a hornet for 3 turns
  6339 | D:6      | Paralysed by a hornet for 2 turns
  6340 | D:6      | HP: 3/71 [hornet (8)]
  6340 | D:6      | Slain by a hornet

Skill      XL: |  1  2  3  4  5  6  7  8 |
---------------+-------------------------+-----
Fighting       | 4 5 6 |  6.6
Axes           | 3 4 5 6 7 8 |  8.6
Armour         | 4 5 6 |  6.6
Dodging        | 1 2 3 |  3.0
Shields        | |  3.6

Action                   |  1- 3 |  4- 6 |  7- 9 || total
-------------------------+-------+-------+-------++-------
Melee: War axe           |    87 |   150 |   120 ||   357
       Headbutt          |    13 |    18 |    26 ||    57
  Use: Scroll            |       |       |     5 ||     5
  Eat: Chunk             |     1 |     5 |     7 ||    13
       Meat ration       |       |     1 |       ||     1
Armor: Scale mail        |    41 |    69 |       ||   110
       Robe              |       |       |    31 ||    31
Dodge: Dodged            |    30 |    51 |    40 ||   121
Block: Shield            |    39 |    75 |    75 ||   189
